 Dungeon Crawl Stone Soup version 0.30-b1-2-g02819fbbbe (webtiles) character file.

Game seed: 11400734264498311694

91 Flaz the Chopper (level 4, -4/36 HPs)
             Began as a Ghoul Gladiator on Dec 23, 2023.
             Was an Initiate of Trog.
             Slain by a sky beast (5 damage)
             ... on level 4 of the Dungeon.
             The game lasted 00:07:28 (1730 turns).

Flaz the Chopper (Ghoul Gladiator)                  Turns: 1730, Time: 00:07:28

Health: -4/36      AC: 13    Str: 17    XL:     4   Next: 57%
Magic:  3/3        EV:  8    Int:  3    God:    Trog [......]
Gold:   249        SH:  0    Dex: 12    Spells: 3/3 levels left

rFire   . . .        a - +0 war axe
rCold   + . .        (no shield)
rNeg    + + +        p - +0 chain mail
rPois   ∞            g - +2 helmet
rElec   .            u - +1 cloak
rCorr   .            (no gloves)
SInv    +            (no boots)
Will    .....        (no amulet) Stlth
                     j - ring of see invisible
HPRegen 0.00/turn    (no ring)
MPRegen 0.08/turn

%: no passive effects
@: inhibited regen
A: claws 1, cold resistance 1, negative energy resistance 3, inhibited
regeneration, torment resistance 2, devour on kill
a: Renounce Religion


You were on level 4 of the Dungeon.
You worshipped Trog.
Trog was noncommittal.
You visited 1 branch of the dungeon, and saw 4 of its levels.

You collected 249 gold pieces.

Inventory:

Hand Weapons
 a - a +0 war axe (weapon)
Missiles
 d - 2 throwing nets (quivered)
 e - a javelin
 l - 21 stones
Armour
 b - a +0 leather armour
 g - a +2 helmet (worn)
 i - a +0 ring mail
 p - a +0 chain mail (worn)
 u - a +1 cloak (worn)
Jewellery
 j - a ring of see invisible (left claw)
 r - an amulet of faith
 v - an amulet of reflection
Wands
 t - a wand of flame (13)
Scrolls
 f - 2 scrolls of magic mapping {unknown}
 m - 2 scrolls of teleportation {unknown}
 n - 3 scrolls of identify {unknown}
 o - a scroll of vulnerability {unknown}
Potions
 c - a potion of lignification {unknown}
 h - a potion of curing {unknown}
 k - a potion of mutation {unknown}
 q - a potion of flight {unknown}
 s - 2 potions of degeneration {unknown}


   Skills:
 - Level 2.1 Fighting
 * Level 4.3 Axes
 - Level 1.7 Throwing
 + Level 3.2 Dodging


You had 3 spell levels left.
You didn't know any spells.
Your spell library was empty.

Dungeon Overview and Level Annotations

Branches:
Dungeon (4/15)
 Temple: D:4-7

Altars:
Cheibriados
Sif Muna
Trog

Shops:
D:3 (

Annotations:
D:1 exclusion: downstairs
D:2 Sigmund
D:4 1 runed translucent door, NimIero's ghost, amateur FoEE


Innate Abilities, Weirdness & Mutations

You are immune to poison.
You have sharp fingernails.
Your flesh is cold resistant. (rC+)
You are immune to negative energy. (rN+++)
You do not regenerate when monsters are visible.
You are immune to unholy pain and torment.
You thrive by killing the living.


Message History

The sky beast is heavily wounded.
The sky beast barely misses you.
You hit the sky beast.
The sky beast is heavily wounded.
The sky beast hits you but does no damage. x2
You slash the sky beast!
You claw the sky beast, but do no damage.
The sky beast is almost dead.
The sky beast hits you. The sky beast shocks you.
You are too injured to fight recklessly!
You are too injured to fight recklessly!
You are too injured to fight recklessly!
You are too injured to fight recklessly!
You are too injured to fight recklessly!
You are too injured to fight recklessly!
You closely miss the sky beast.
The sky beast is almost dead.
The sky beast hits you but does no damage.
You barely miss the sky beast.
The sky beast is almost dead.
The sky beast hits you but does no damage.
You closely miss the sky beast.
The sky beast is almost dead.
The sky beast barely misses you. The sky beast hits you.
* * * LOW HITPOINT WARNING * * *
The sky beast shocks you.
* * * LOW HITPOINT WARNING * * *
You closely miss the sky beast.
The sky beast is almost dead.
The sky beast flickers out of sight for a moment.
The sky beast hits you but does no damage.
Throw: 3 throwing nets
Press: ? - help, Q - select action, (/) - cycle Shift-Dir - straight line, f/p - sky beast
Aim: a sky beast (almost dead, slightly transparent, 46% to hit)
You throw a throwing net.
The throwing net closely misses the sky beast.
The sky beast hits you.
* * * LOW HITPOINT WARNING * * *
The sky beast shocks you.
You die...

#####...##.##
#.###...#
#.###...###
#.#.......###
#............
#.#.......###
#^###...###
#####.###...#
......Y@...##
#####.######
#.# #.#


You could see a sky beast (invisible).

Vanquished Creatures
  5 adders
  A worm (D:3)
  A dart slug (D:1)
  5 endoplasms
  2 hobgoblins
  5 kobolds
  A quokka (D:3)
  5 ball pythons
  5 bats
  2 frilled lizards
  7 goblins
39 creatures vanquished.

Notes
Turn   | Place    | Note
-------+----------+-------------------------------------------
     0 | D:1      | Flaz the Ghoul Gladiator began the quest for the Orb.
     0 | D:1      | Reached XP level 1. HP: 17/17 MP: 0/0
   163 | D:1      | Reached skill level 3 in Axes
   163 | D:1      | Reached XP level 2. HP: 24/24 MP: 1/1
   521 | D:1      | Reached XP level 3. HP: 26/29 MP: 2/2
   782 | D:2      | Noticed Sigmund
   946 | D:3      | Found a snail-covered altar of Cheibriados.
  1026 | D:3      | Found a shimmering blue altar of Sif Muna.
  1106 | D:3      | Reached skill level 4 in Axes
  1106 | D:3      | Reached XP level 4. HP: 36/36 MP: 3/3
  1193 | D:3      | Found a bloodstained altar of Trog.
  1200 | D:3      | Became a worshipper of Trog the Wrathful
  1273 | D:3      | Found Ydaygaa's Antique Weapon Shop.
  1629 | D:4      | Found a runed translucent door.
  1634 | D:4      | Noticed NimIero's ghost (amateur FoEE)
  1711 | D:4      | Noticed a sky beast
  1730 | D:4      | HP: 1/36 [sky beast (2)]
  1730 | D:4      | Slain by a sky beast

Illustrated notes

Levels and vault maps discovered:
D:1:      wheals_arrival_shading, layout_rooms
D:2:      layout_loops_corners, skrybe_limestone_x, uniq_terence, uniq_sigmund
D:3:      layout_loops_cross, lemuel_tele_altar, old_standard_altar,
          lemuel_crystal_altar, serial_shops, nicolae_lakefront_shop,
          kennysheep_another_room, hangedman_decor_clover_reticule
D:4:      layout_loops_ring, gammafunk_temple_overflow_wave,
          minmay_temple_entry_wispy, ebering_ghost_reflecting_pool, minivault_1

Skill      XL: |  1  2  3 |
---------------+----------+-----
Axes           | 3 4 |  4.3
Dodging        | 3 |  3.2
Fighting       | |  2.1
Throwing       | |  1.7

Action                     |  1- 3 |  4- 6 || total
---------------------------+-------+-------++-------
  Melee: War axe           |    99 |    26 ||   125
         Punch             |       |     1 ||     1
  Throw: Stone             |     1 |    12 ||    13
         Throwing net      |       |     1 ||     1
 Armour: Leather armour    |     3 |       ||     3
         Ring mail         |    30 |       ||    30
         Chain mail        |    44 |    15 ||    59
  Dodge: Dodged            |    63 |    11 ||    74
